 Dungeon Crawl Stone Soup version 0.23.2-40-g277498a001 (webtiles) character file.

Game seed: 16904550448387972599

42 Curus the Insei (level 3, -2/26 HPs)
             Began as a Merfolk Transmuter on Sept 21, 2019.
             Slain by Crazy Yiuf
             ... wielding a +4 quarterstaff of chaos
              (3 damage)
             ... while petrified by Crazy Yiuf
             ... on level 2 of the Dungeon.
             The game lasted 00:04:07 (1727 turns).

Curus the Insei (Merfolk Transmuter)                Turns: 1727, Time: 00:04:07

Health: -2/26      AC: 12    Str: 10    XL:     3   Next: 56%
Magic:  1/6        EV:  5    Int: 13    God:
Gold:   139        SH:  0    Dex: 14    Spells: 2/6 levels left

rFire    . . .     SeeInvis .     - Unarmed
rCold    . . .     Gourm    .   (shield currently unavailable)
rNeg     + + +     Faith    .   (armour currently unavailable)
rPois    ∞         Spirit   .   (helmet currently unavailable)
rElec    .         Reflect  .   (cloak currently unavailable)
rCorr    .         Harm     .   (gloves currently unavailable)
MR       +....                  (boots currently unavailable)
Stlth    +.........             (no amulet)
HPRegen  0.08/turn              f - ring of protection from magic
MPRegen  0.10/turn              (no ring)

@: fungus-form (expiring), petrified, very slightly contaminated, invisible
A: tiny, (change form in water), (swift swim), (stealthy swim)
a: no special abilities


You were on level 2 of the Dungeon.
You were very hungry.
You were a sentient fungus.
You visited 1 branch of the dungeon, and saw 2 of its levels.

You collected 139 gold pieces.

Inventory:

Missiles
 a - 12 arrows
Armour
 b - a +0 robe (melded)
Jewellery
 f - a ring of protection from magic (left hypha)
Scrolls
 c - a scroll of identify
 g - 4 scrolls of enchant weapon
Comestibles
 d - a ration


   Skills:
 - Level 1.1 Fighting
 - Level 2.6 Dodging
 - Level 4.5 Unarmed Combat
 - Level 2.0 Spellcasting
 + Level 3.1 Transmutations
 + Level 1.0 Poison Magic


You had 2 spell levels left.
You knew the following spells:

 Your Spells              Type           Power        Failure   Level  Hunger
a - Beastly Appendage     Tmut           #.....       7%          1    ##.....
b - Spider Form           Tmut/Pois      #.........   32%         3    ####...

Your spell library contained the following spells:

 Spells                   Type           Power        Failure   Level  Hunger
 Sticks to Snakes         Tmut           #.......     11%         2    ###....
 Ice Form                 Ice/Tmut       #.......     78%         4    #####..
 Blade Hands              Tmut           #.........   88%         5    ######.


Dungeon Overview and Level Annotations

Branches:
Dungeon (2/15)

Altars:
Hepliaklqana

Annotations:
D:2 Crazy Yiuf


Message History

Your limbs are stiffening.
You feel better.
Crazy Yiuf hits you with a +4 quarterstaff of chaos!
Crazy Yiuf hits you with a +4 quarterstaff of chaos.
Crazy Yiuf burns you.
You have turned to stone.
Crazy Yiuf hits you with a +4 quarterstaff of chaos.
* * * LOW HITPOINT WARNING * * *
You turn into a sentient fungus.
Your +0 robe melds into your body.
Crazy Yiuf hits you with a +4 quarterstaff of chaos.
* * * LOW HITPOINT WARNING * * *
Crazy Yiuf hits you with a +4 quarterstaff of chaos!
* * * LOW HITPOINT WARNING * * *
You fade into invisibility!
Crazy Yiuf grits, "Aardvark!"
Crazy Yiuf barely misses you. Crazy Yiuf barely misses you.
Your transformation is almost over.
Crazy Yiuf laughs, "Key horse ragdoll!"
Crazy Yiuf hits you with a +4 quarterstaff of chaos!
You die...

#.......#.###....###
#.....' #.....#.#.#
#....# #.#.###
###...##.#.# ♣....♣
######.#.# #
.....###.#.# ♣...♣♣
#.)......### ###..#
#...# ♣♣.♣♣
#........... #..#
###.# ♣.♣♣
####.####.##
#..#####<# ♣♣.♣ #.#
#... #........# ♣.♣♣
#.# ####
####.####### ♣♣f♣
####.# #
.....####### #g#
#....# #
###........# ...
###### # #........#
#...# #.########
#..)# #.# #####
###.# ....# #####


You could see Crazy Yiuf.

Vanquished Creatures
  3 worms (D:2)
  2 dart slugs
  2 leopard geckos
  9 bats
  A goblin (D:1)
  4 hobgoblins
  2 quokkas (D:2)
  4 frilled lizards
  3 rats
30 creatures vanquished.

Notes
Turn   | Place    | Note
-------+----------+-------------------------------------------
     0 | D:1      | Curus the Merfolk Transmuter began the quest for the Orb.
     0 | D:1      | Reached XP level 1. HP: 15/15 MP: 3/3
   127 | D:1      | Reached XP level 2. HP: 7/21 MP: 3/5
   448 | D:1      | Reached skill level 4 in Unarmed Combat
  1024 | D:2      | Reached XP level 3. HP: 15/26 MP: 6/6
  1029 | D:2      | Learned a level 3 spell: Spider Form
  1317 | D:2      | Found a hazy altar of Hepliaklqana.
  1532 | D:2      | Reached skill level 1 in Poison Magic
  1606 | D:2      | Found a runed translucent door.
  1607 | D:2      | Noticed Crazy Yiuf
  1723 | D:2      | HP: 1/26 [Crazy Yiuf/+4 quarterstaff of chaos (3)]
  1727 | D:2      | Slain by Crazy Yiuf

Skill      XL: |  1  2  3 |
---------------+----------+-----
Unarmed Combat | 4 |  4.5
Transmutations | 3 |  3.1
Poison Magic   | 1 |  1.0
Fighting       | |  1.1
Dodging        | |  2.6
Spellcasting   | |  2.0

Action                   || total
-------------------------++-------
Melee: Unarmed           ||   128
       Headbutt          ||     3
       Punch             ||     2
 Cast: Beastly Appendage ||     8
       Spider Form       ||     1
  Use: Scroll            ||     5
       Potion            ||     5
 Stab: Sleeping          ||     2
  Eat: Chunk             ||     2
Armor: Robe              ||    23
Dodge: Dodged            ||    82
